 Seeded DCSS version 0.27.1-34-g3ba077fa99 (webtiles) character file.

Game seed: 20220216 (custom seed)

8639 djehuti the Grappler (level 11, 113/113 HPs)
             Began as a Troll Berserker on Feb 16, 2022.
             Was a High Priest of Trog.
             Quit the game on level 10 of the Dungeon.
             The game lasted 00:12:23 (7946 turns).

djehuti the Grappler (Troll Berserker)              Turns: 7946, Time: 00:12:24

Health: 113/113    AC: 16    Str: 26    XL:     11   Next: 12%
Magic:  10/10      EV: 25    Int:  5    God:    Trog [*****.]
Gold:   421        SH:  0    Dex:  9    Spells: 10/10 levels left

rFire    . . .     SeeInvis +     - Unarmed
rCold    + + .     Faith    .   (no shield)
rNeg     + + +     Spirit   .   c - +5 swamp dragon scales of Protective Custody {Rampage *Slow rPois rC+ rN+++ Str-2}
rPois    +         Reflect  .   (helmet restricted)
rElec    .         Harm     .   b - scarf {+Inv}
rCorr    .         Rampage  +   (gloves unavailable)
Will     .....                  (boots unavailable)
Stlth    ..........             z - amulet of the acrobat
HPRegen  1.28/turn              A - ring of see invisible
MPRegen  0.12/turn              j - ring of protection from cold

@: acrobatic
A: large, unfitting armour, claws 3, regeneration 1, shaggy fur 1, tough skin 1
a: Renounce Religion, Evoke Invisibility, Berserk, Trog's Hand, Brothers in Arms


You were on level 10 of the Dungeon.
You worshipped Trog.
Trog was extremely pleased with you.
You visited 1 branch of the dungeon, and saw 10 of its levels.

You collected 481 gold pieces.
You spent 60 gold pieces at shops.

Inventory:

Hand Weapons
 w - a +5 glaive of flaming
Missiles
 f - 51 poisoned darts (quivered)
 v - a throwing net
Armour
 b - a scarf of invisibility (worn)
 c - the +5 swamp dragon scales of Protective Custody (worn) {Rampage *Slow rPois rC+ rN+++ Str-2}
   (You acquired it on level 4 of the Dungeon)

   Str:       It affects your strength (-2).
   rC:        It protects you from cold.
   rPois:     It protects you from poison.
   rN:        It renders you almost immune to negative energy.
   *Slow:     It may slow you when you take damage.
   Rampage:   It bestows one free step when moving towards enemies.
Jewellery
 h - an amulet of guardian spirit
 j - a ring of protection from cold (right claw)
 n - a +6 ring of intelligence
 z - an amulet of the acrobat (around neck)
 A - a ring of see invisible (left claw)
 E - an amulet of reflection
Wands
 u - a wand of mindburst (6)
Scrolls
 d - 6 scrolls of noise
 k - a scroll of vulnerability
 l - a scroll of enchant weapon {unknown}
 m - 2 scrolls of teleportation
 p - 2 scrolls of fear {unknown}
 t - 2 scrolls of immolation {unknown}
 x - a scroll of silence {unknown}
 y - a scroll of torment {unknown}
 C - a scroll of magic mapping
 D - 4 scrolls of fog
Potions
 a - a potion of berserk rage
 e - 2 potions of brilliance
 g - 2 potions of heal wounds
 i - a potion of flight
 o - a potion of degeneration
 q - 3 potions of curing
 r - a potion of invisibility
 s - a potion of resistance
 B - a potion of ambrosia {unknown}
 F - a potion of magic {unknown}


   Skills:
 + Level 8.9 Fighting
 + Level 7.6 Armour
 - Level 4.2 Dodging
 + Level 10.4 Unarmed Combat


You had 10 spell levels left.
You didn't know any spells.
Your spell library was empty.

Dungeon Overview and Level Annotations

Branches:
Dungeon (10/15)            Temple (0/1) D:6             Orc (0/2) D:10
   Lair: D:8-11

Altars:
Cheibriados
Elyvilon
Fedhas
Hepliaklqana
Kikubaaqudgha
Nemelex Xobeh
Okawaru
Vehumet
Xom

Shops:
D:4 ?

Annotations:
D:4 1 exclusion
D:7 2 transporters, exclusion: 2 downstairs, KrombopulosMichael's ghost, novice FoVM


Innate Abilities, Weirdness & Mutations

You are too large for most types of armour.
You have claws for hands.
Your natural rate of healing is unusually fast.
You are covered in fur. (AC +1)
You have tough skin. (AC +1)


Message History

You feel yourself speed up.
An orc comes into view. It is wielding a +0 club.
The orc shouts!
An orc is nearby!
You rampage towards the orc!
An orc warrior comes into view. It is wielding a +0 hand axe.
The orc throws a stone.
The stone misses you.
You rampage towards the orc!
The orc throws a stone.
The stone misses you.
You rampage towards the orc warrior!
You scratch the orc warrior. Your claw misses the orc warrior.
The orc warrior is moderately wounded.
The orc throws a stone.
The stone hits you but does no damage.
You claw the orc warrior!
The orc warrior is heavily wounded.
The orc warrior hits you but does no damage.
You completely miss the orc warrior.
The orc warrior is heavily wounded.
The orc warrior hits you with a +0 hand axe.
The orc closely misses you.
You scratch the orc warrior. Your claw misses the orc warrior.
The orc warrior is heavily wounded.
You recover from your berserk rage.
The orc warrior hits you with a +0 hand axe.
You closely miss the orc warrior.
The orc warrior is heavily wounded.
The orc hits you with a +0 club. The orc warrior misses you.
You barely miss the orc warrior.
The orc warrior is heavily wounded.
The orc barely misses you.
You scratch the orc warrior but do no damage.
The orc warrior is heavily wounded.
The orc warrior barely misses you. The orc hits you with a +0 club.
You closely miss the orc warrior.
The orc warrior is heavily wounded.
The orc warrior hits you with a +0 hand axe.
The orc barely misses you.
You scratch the orc warrior.
The orc warrior is heavily wounded.
The orc warrior closely misses you.
You barely miss the orc warrior.
The orc warrior is heavily wounded.
The orc hits you but does no damage. The orc warrior closely misses you.
You closely miss the orc warrior.
The orc warrior is heavily wounded.
The orc barely misses you.
You scratch the orc warrior but do no damage.
The orc warrior is heavily wounded.
The orc warrior hits you but does no damage.
The orc hits you with a +0 club.
You claw the orc warrior!
The orc warrior is almost dead.
The orc warrior closely misses you. The orc hits you but does no damage.
You barely miss the orc warrior.
The orc warrior is almost dead.
The orc warrior hits you but does no damage.
You closely miss the orc warrior.
The orc warrior is almost dead.
The orc hits you but does no damage. The orc warrior completely misses you.
You claw the orc warrior!
You kill the orc warrior!
Trog accepts your kill. The orc hits you but does no damage.
You barely miss the orc. The orc hits you but does no damage.
You barely miss the orc. The orc hits you but does no damage.
You claw the orc!
You kill the orc!
Trog accepts your kill.
No target in view!
No target in view!
HP restored.
d - 6 scrolls of noise (gained 1)
Things that are here:
a +0 hand axe; a +0 plate armour You now have 375 gold pieces (gained 15).
Things that are here:
a +0 club; 17 stones; an orc corpse
There is a stone staircase leading up here.
You now have 390 gold pieces (gained 15).
You now have 402 gold pieces (gained 12).
You see here a +0 helmet.
You now have 407 gold pieces (gained 5).
A wight comes into view. It is wielding a +2 scimitar.
You mangle the wight!!
You destroy the wight!
Trog accepts your kill.
No target in view!
No target in view!
Things that are here:
a +2 scimitar; a +0 robe You now have 421 gold pieces (gained 14).
There is a radiant altar of Vehumet here.
Things that are here:
a +2 scimitar; a +0 robe You see here a +0 helmet.
You see here a scroll of amnesia.
You see here a scroll of amnesia.
Done exploring.
No target in view!
Done exploring.
Are you sure you want to abandon this character and quit the game? (Confirm with "yes".)

#.# #..#..#.
###.#######..#.##.
#.#..††).......#..
#.######...###...)
#.#..........#...#
#.#.######...÷....
#.#......####.....
#.######..##......
#@# ###.##......
#.#####...........
#.................
#######...........
##..<........
######............
#............#....
#.#####..##.......
#.# ######......


There were no monsters in sight!

Vanquished Creatures
  3 two-headed ogres
  2 centaur zombies (D:10)
  Maggie (D:7)
  A hornet (D:9)
  A wraith (D:9)
  2 wyverns (D:8)
  14 yaks
  A water moccasin (D:7)
  4 orc warriors
  An ogre (D:5)
  2 sky beasts
  A black bear (D:5)
  3 centaurs
  2 gnoll sergeants
  A kobold brigand (D:9)
  2 bullfrogs
  A scorpion (D:6)
  A water moccasin zombie (D:7)
  A water moccasin skeleton (D:4)
  10 wights
  A bullfrog zombie (D:5)
  3 jellies
  9 orc priests
  3 hounds
  A gnoll shaman (D:7)
  2 iguanas
  5 orc wizards
  A killer bee zombie (D:9)
  A hound skeleton (D:5)
  14 gnolls
  10 adders
  A howler monkey skeleton (D:5)
  2 shadow imps
  2 white imps
  An adder skeleton (D:4)
  4 worms
  4 dart slugs
  32 orcs
  7 ball pythons
  7 bats
  8 endoplasms
  2 giant cockroaches
  15 goblins
  8 hobgoblins
  7 jackals
  15 kobolds
  4 quokkas
  7 frilled lizards
  5 rats
235 creatures vanquished.

Vanquished Creatures (others)
  A human (D:8)
  A fungus (D:8)
2 creatures vanquished.

Grand Total: 237 creatures vanquished

Notes
Turn   | Place    | Note
-------+----------+-------------------------------------------
     0 | D:1      | djehuti the Troll Berserker began the quest for the Orb.
     0 | D:1      | Reached XP level 1. HP: 22/22 MP: 0/0
   156 | D:1      | Reached XP level 2. HP: 29/29 MP: 1/1
   375 | D:1      | Reached ** piety under Trog
   458 | D:1      | Reached XP level 3. HP: 36/36 MP: 2/2
  1016 | D:2      | Reached XP level 4. HP: 45/45 MP: 3/3
  1334 | D:2      | Reached *** piety under Trog
  1585 | D:3      | Reached skill level 4 in Unarmed Combat
  2029 | D:3      | Reached XP level 5. HP: 53/53 MP: 4/4
  2484 | D:4      | Found Ochyr's Magic Scroll Shoppe.
  2509 | D:4      | Bought a scroll of noise for 10 gold pieces
  2509 | D:4      | Bought a scroll of teleportation for 30 gold pieces
  2509 | D:4      | Bought a scroll of identify for 20 gold pieces
  2667 | D:4      | Reached **** piety under Trog
  2839 | D:4      | Reached XP level 6. HP: 58/62 MP: 3/5
  3424 | D:4      | Identified a scroll of acquirement
  3424 | D:4      | Acquired the +5 swamp dragon scales of Protective Custody
                  | {Rampage *Slow rPois rC+ rN+++ Str-2}
  3464 | D:5      | Entered Level 5 of the Dungeon
  3509 | D:5      | Reached skill level 5 in Unarmed Combat
  3586 | D:5      | Reached XP level 7. HP: 70/70 MP: 6/6
  3668 | D:5      | You fall into a shaft and drop 1 floor!
  3668 | D:6      | Found a staircase to the Ecumenical Temple.
  3686 | D:6      | Noticed a yak
  3686 | D:6      | Noticed a yak
  3687 | D:6      | Noticed a yak
  3689 | D:6      | Reached skill level 1 in Armour
  4022 | D:5      | Reached skill level 6 in Unarmed Combat
  4517 | D:5      | Killed a yak
  4518 | D:5      | Reached skill level 5 in Fighting
  4518 | D:5      | Reached XP level 8. HP: 80/80 MP: 5/7
  4911 | D:7      | Found a transporter.
  4911 | D:7      | Noticed KrombopulosMichael's ghost (novice FoVM)
  4986 | D:7      | Reached ***** piety under Trog
  5026 | D:7      | Reached skill level 7 in Unarmed Combat
  5045 | D:7      | Noticed Maggie
  5074 | D:7      | Killed Maggie
  5174 | D:7      | Reached XP level 9. HP: 87/89 MP: 8/8
  5216 | D:7      | Found a transporter.
  5249 | D:7      | Found an iron altar of Okawaru.
  5257 | D:7      | Received a gift from Trog
  5487 | D:8      | Found a white marble altar of Elyvilon.
  5608 | D:8      | Found a shimmering altar of Xom.
  5640 | D:8      | Noticed a boulder beetle
  5852 | D:8      | Reached skill level 8 in Unarmed Combat
  5878 | D:8      | Found an ancient bone altar of Kikubaaqudgha.
  6044 | D:8      | Found a white marble altar of Elyvilon.
  6052 | D:8      | Reached skill level 5 in Armour
  6108 | D:9      | Noticed a two-headed ogre
  6111 | D:9      | Killed a two-headed ogre
  6245 | D:9      | Reached XP level 10. HP: 97/102 MP: 9/9
  6250 | D:9      | Reached skill level 9 in Unarmed Combat
  6435 | D:9      | Found a snail-covered altar of Cheibriados.
  6449 | D:9      | Found a blossoming altar of Fedhas.
  6639 | D:9      | Noticed a two-headed ogre
  6645 | D:9      | Killed a two-headed ogre
  6843 | D:10     | Entered Level 10 of the Dungeon
  6898 | D:10     | Found a hazy altar of Hepliaklqana.
  6950 | D:10     | Found a sparkling altar of Nemelex Xobeh.
  7069 | D:10     | Reached skill level 10 in Unarmed Combat
  7407 | D:10     | Found a staircase to the Orcish Mines.
  7433 | D:10     | Reached XP level 11. HP: 102/113 MP: 10/10
  7555 | D:10     | Noticed a two-headed ogre
  7563 | D:10     | Killed a two-headed ogre
  7762 | D:10     | Found a radiant altar of Vehumet.
  7946 | D:10     | Quit the game

Illustrated notes

Levels and vault maps discovered:
D:1:      lightli_arrival_quake, layout_loops_cross, minivault_26,
          minmay_strange_pillars, minmay_octomino_c4
D:2:      layout_basic, chequers_jeans, minmay_unequal
D:3:      layout_loops_corners, grunt_decor_fettered
D:4:      layout_basic, serial_shops, shop_statue,
          chequers_serial_rivers_room_b, minmay_goblin_outpost
D:5:      layout_basic, chequers_decorated_corner, minmay_misc_feat_diagonals
D:6:      layout_rooms, minmay_temple_entry_ruins
D:7:      layout_rooms, mainiacjoe_overflow_alcove_1, gammafunk_ghost_mausoleum,
          minmay_misc_feat_more_columns, chequers_serial_rivers_micro_c,
          uniq_maggie
D:8:      layout_cave_pods, dk_xom_monty_hall,
          mainiacjoe_overflow_small_starburst, tgw_kikubaaqudgha, serial_park,
          serial_park_tiny_2, serial_park_tiny_1, serial_park_tiny_pond,
          serial_park_square1 [serial_park_minivault_5x5_6], serial_park_square3
          [serial_park_minivault_5x5_4], guppyfry_early_elven_hall
D:9:      layout_roguey, slow_altar_2, fedhas_altar_1
D:10:     layout_cave_pools, marbit_many_paths,
          mainiacjoe_overflow_catwalk_spiral, david_orc_3,
          serial_co_window_serial, co_window_of_opportunity_a,
          co_window_paths_b, co_window_paths_b, co_window_paths_a,
          co_window_paths_a, co_window_unsneaky_path_e,
          co_window_unsneaky_path_c, co_window_unsneaky_path_b,
          co_window_unsneaky_path_a, co_window_corner_cb, co_window_broadway_a,
          co_window_corner_ca, glass_columns_a, glass_columns_c,
          eino_tiny_chamber

Skill      XL: |  1  2  3  4  5  6  7  8  9 10 |
---------------+-------------------------------+-----
Fighting       | 3 4 5 6 7 8 |  8.9
Dodging        | 3 4 |  4.2
Unarmed Combat | 4 5 6 7 8 10 | 10.4
Armour         | 2 4 5 7 |  7.6

Action                   |  1- 3 |  4- 6 |  7- 9 | 10-12 || total
-------------------------+-------+-------+-------+-------++-------
Melee: Unarmed           |   123 |   190 |   227 |   212 ||   752
       Punch             |       |     5 |     6 |     9 ||    20
Invok: Berserk           |       |       |     4 |     3 ||     7
  Use: Scroll            |       |     7 |     8 |       ||    15
 Stab: Sleeping          |     2 |       |       |       ||     2
Armor: Animal skin       |    47 |    47 |       |       ||    94
       Swamp dragon scal |       |     9 |   102 |   113 ||   224
Dodge: Dodged            |    75 |    74 |    95 |   130 ||   374
